 Dungeon Crawl Stone Soup version 0.30-a0-368-g86fb4627a9 (webtiles) character file.

Game seed: 4101921198908865834

2775 oldriver the Thaumaturge (level 9, -4/74 HPs)
             Began as a Mummy Necromancer on Nov 19, 2022.
             Was an Initiate of Hepliaklqana.
             Slain by a death yak (8 damage)
             ... on level 7 of the Dungeon.
             The game lasted 00:12:18 (9409 turns).

oldriver the Thaumaturge (Mummy Necromancer)        Turns: 9409, Time: 00:12:19

Health: -4/74      AC: 12    Str: 17    XL:     9   Next: 42%
Magic:  1/23       EV: 10    Int: 25    God:    Hepliaklqana [......]
Gold:   138        SH:  3    Dex: 12    Spells: 15/28 levels left

rFire   . . .      SeeInvis .    f - +2 dagger (vamp)
rCold   + . .      Faith    +    w - +0 buckler
rNeg    + + +      Spirit   .    t - +4 ring mail {rF+}
rPois   ∞          Reflect  .    v - +2 hat
rElec   .          Harm     .    (no cloak)
rCorr   .          Rampage  .    e - +0 pair of gloves
Will    ++...                    (no boots)
Stlth   +.........               l - amulet of the acrobat
HPRegen 0.32/turn                k - ring "Eveodgh" {Drain Will+ Str+6}
MPRegen 0.18/turn                q - +6 ring of intelligence

@: no status effects
A: cold resistance 1, negative energy resistance 3, torment resistance 2, heat
vulnerability 1, in touch with death 1, no potions, faith
a: Renounce Religion


You were on level 7 of the Dungeon.
You worshipped Hepliaklqana.
Hepliaklqana was noncommittal.
You visited 2 branches of the dungeon, and saw 9 of its levels.

You collected 228 gold pieces.
You spent 90 gold pieces at shops.

Inventory:

Hand Weapons
 f - a +2 vampiric dagger (weapon)
Missiles
 n - 2 throwing nets
Armour
 e - a +0 pair of gloves (worn)
 t - a +4 ring mail of fire resistance (worn)
 v - a +2 hat (worn)
 w - a +0 buckler (worn)
Jewellery
 k - the ring "Eveodgh" (left hand) {Drain Will+ Str+6}
   (You bought it in a shop on level 2 of the Dungeon)

   [ring of willpower]

   Str:       It affects your strength (+6).
   Drain:     It drains your maximum health when unequipped.
   Will:      It increases your willpower.
 l - an amulet of the acrobat (around neck)
 q - a +6 ring of intelligence (right hand)
 r - a ring of flight
 u - a ring of see invisible
Wands
 b - a wand of flame (15)
 g - a wand of light (9)
 o - a wand of iceblast (6)
 s - a wand of paralysis (16)
Scrolls
 c - 6 scrolls of teleportation
 d - 2 scrolls of magic mapping
 h - 2 scrolls of identify
 i - a scroll of amnesia
 j - 2 scrolls of poison
 m - a scroll of torment


   Skills:
 + Level 7.9 Fighting
 + Level 0.0 Armour
 + Level 1.5 Dodging
 + Level 1.5 Stealth
 + Level 0.0 Shields
 + Level 10.0 Spellcasting
 - Level 4.0 Necromancy
 + Level 5.1 Earth Magic


You had 15 spell levels left.
You knew the following spells:

 Your Spells              Type           Power      Damage    Failure   Level
a - Necrotise             Necr           100%       1d9       2%          1
b - Vampiric Draining     Necr           48%        2d9       8%          3
c - Animate Dead          Necr           48%        N/A       24%         4
d - Passwall              Tmut/Erth      20%        N/A       7%          2
e - Stone Arrow           Conj/Erth      50%        3d10      14%         3

Your spell library contained the following spells:

 Spells                   Type           Power      Damage    Failure   Level
 Sandblast                Erth           76%        2d16      1%          1
 Call Canine Familiar     Summ           12%        N/A       36%         3
 Gell's Gravitas          Tloc           12%        N/A       36%         3
 Portal Projectile        Hex/Tloc       24%        N/A       36%         3
 Teleport Other           Tloc           12%        N/A       36%         3
 Leda's Liquefaction      Hex/Erth       12%        N/A       41%         4
 Agony                    Necr           48%        N/A       56%         5
 Irradiate                Conj/Tmut      6%         3d13      98%         5
 Dispersal                Tloc           6%         N/A       100%        6
 Blade Hands              Tmut           Unusable   N/A       N/A         5
 Dragon Form              Tmut           Unusable   N/A       N/A         7

Dungeon Overview and Level Annotations

Branches:
Dungeon (8/15)             Temple (1/1) D:7
   Lair: D:8-11

Altars:
Ashenzari
Dithmenos
Fedhas
Gozag
Hepliaklqana
Kikubaaqudgha
Makhleb
Nemelex Xobeh
Okawaru
Qazlal
Ru
Sif Muna
Trog
Uskayaw
Vehumet
Wu Jian
Xom
Yredelemnul

Shops:
D:2 *   D:6 ?

Annotations:
D:8 3 runed translucent doors, hikkokomori's ghost, novice GrEE


Innate Abilities, Weirdness & Mutations

You are immune to poison.
Your flesh is cold resistant. (rC+)
You are immune to negative energy. (rN+++)
You are immune to unholy pain and torment.
You are vulnerable to heat. (rF-)
You are in touch with the powers of death.
You do not drink.
You have a special connection with the divine. (Faith)


Message History

Confirm with . or Enter, or press ? or * to list all spells.
Aiming: Vampiric Draining (dangerous; 8% risk of failure)
Press: ? - help, Shift-Dir - straight line, f/p - death yak
Aim: a death yak (heavily wounded)
You feel a surge of power!
You draw life force from the death yak.
You feel life coursing into your body. The death yak misses you.
Unknown command.
Casting: Vampiric Draining (dangerous; 8% risk of failure)
Confirm with . or Enter, or press ? or * to list all spells.
You don't have enough magic to cast this spell.
Unknown command.
You hit the death yak but do no damage.
The death yak is severely wounded.
The death yak gores you but does no damage.
You barely miss the death yak.
The death yak is severely wounded.
The death yak gores you.
You barely miss the death yak.
The death yak is severely wounded.
The death yak gores you but does no damage. x2
You hit the death yak.
The death yak is severely wounded.
The death yak gores you!
You hit the death yak.
You feel better.
The death yak is severely wounded.
The death yak gores you!!
Your magical contamination has completely faded away.
You hit the death yak but do no damage.
The death yak is severely wounded.
The death yak gores you!!
* * * LOW HITPOINT WARNING * * *
Casting: Vampiric Draining (dangerous; 8% risk of failure)
Confirm with . or Enter, or press ? or * to list all spells.
Aiming: Necrotise (safe; 2% risk of failure)
Press: ? - help, Shift-Dir - straight line, f/p - death yak
Aim: a death yak (severely wounded, chance to affect: 20%)
You feel a surge of power!
The death yak resists with almost no effort.
The death yak gores you!
You die...

#..# #.#.#.####.######.
#..# #.#.#.####!.......
#..###........########.
#........#.##.# #.
####...##..##.##.# #.
#.............##.## #.
#.##.#.##..##.#...### #.
#.##.#.##..##...<...# #.
#.##.#.##@.####...#.#####.
#.##.#.##Y.# ##.##.......
#.##.#.##..# #.#######..
#.##...##..# #.# #..
#.##..###..#####.# #..
#.##.)# #..>.....# #..
#.##..####.####.########..
#..........####...........
####......................


You could see a death yak.

Vanquished Creatures
  Joseph (D:7)
  A hornet (D:7)
  A steam dragon (D:7)
  2 orc warriors (D:6)
  Duvessa (D:6)
  An ice beast (D:4)
  A sky beast (D:7)
  3 centaurs
  3 phantoms
  A bullfrog (D:7)
  3 necrophages (D:6)
  3 scorpions
  Dowan (D:6)
  6 hounds
  2 gnoll boudas
  A jelly (D:6)
  Jessica (D:3)
  2 iguanas
  2 orc wizards
  8 adders
  13 gnolls
  A white imp (D:8)
  2 worms (D:3)
  A dart slug (D:2)
  28 orcs
  4 ball pythons
  5 bats
  7 endoplasms
  6 giant cockroaches
  5 goblins
  3 hobgoblins
  11 quokkas
  A frilled lizard (D:1)
  4 kobolds
  7 rats
142 creatures vanquished.

Vanquished Creatures (collateral kills)
  A shadow imp (D:5)
  A frilled lizard (D:2)
2 creatures vanquished.

Vanquished Creatures (others)
  3 gnoll zombies (D:7)
  6 orc zombies
  4 plants (D:4)
13 creatures vanquished.

Grand Total: 157 creatures vanquished

Notes
Turn   | Place    | Note
-------+----------+-------------------------------------------
     0 | D:1      | oldriver the Mummy Necromancer began the quest for the Orb.
     0 | D:1      | Reached XP level 1. HP: 13/13 MP: 4/4
   131 | D:1      | Reached skill level 3 in Spellcasting
   166 | D:1      | Reached skill level 1 in Fighting
   203 | D:1      | Reached XP level 2. HP: 21/21 MP: 1/6
  1390 | D:2      | Gained mutation: You are in touch with the powers of death.
                  | [Mummy growth]
  1390 | D:2      | Reached XP level 3. HP: 27/27 MP: 6/8
  1619 | D:2      | Reached skill level 4 in Spellcasting
  1969 | D:2      | Found Peybow's Assorted Antiques.
  1971 | D:2      | Found an iron altar of Okawaru.
  2204 | D:3      | Noticed Jessica
  2211 | D:3      | Killed Jessica
  2212 | D:3      | Reached XP level 4. HP: 34/34 MP: 3/10
  2521 | D:2      | Bought a faintly glowing tin ring for 90 gold pieces
  2521 | D:2      | Identified the ring "Eveodgh" {Drain Will+ Str+6} (You
                  | bought it in a shop on level 2 of the Dungeon)
  2967 | D:3      | Found the +7 staff of the Meek {protect, meekguard}
  2997 | D:3      | Reached skill level 5 in Spellcasting
  2997 | D:3      | Reached XP level 5. HP: 37/41 MP: 0/12
  3604 | D:4      | Noticed an ice beast
  3636 | D:4      | Killed an ice beast
  3730 | D:4      | Reached XP level 6. HP: 48/48 MP: 9/14
  3873 | D:4      | Reached skill level 6 in Spellcasting
  4183 | D:4      | Learned a level 3 spell: Vampiric Draining
  4188 | D:4      | Learned a level 4 spell: Animate Dead
  4191 | D:4      | Learned a level 2 spell: Passwall
  4195 | D:4      | Learned a level 3 spell: Stone Arrow
  4666 | D:4      | Reached XP level 7. HP: 38/55 MP: 13/17
  4886 | D:5      | Entered Level 5 of the Dungeon
  4892 | D:5      | Reached skill level 1 in Earth Magic
  4911 | D:5      | Reached skill level 5 in Fighting
  5109 | D:5      | Reached skill level 7 in Spellcasting
  5264 | D:5      | Found a shimmering blue altar of Sif Muna.
  5265 | D:5      | Found a burning altar of Makhleb.
  5943 | D:6      | Reached XP level 8. HP: 34/64 MP: 0/19
  6276 | D:6      | Reached skill level 8 in Spellcasting
  6379 | D:6      | Noticed Duvessa
  6379 | D:6      | Noticed Dowan
  6410 | D:6      | Killed Duvessa
  6560 | D:6      | Killed Dowan
  7201 | D:6      | Reached skill level 9 in Spellcasting
  7267 | D:6      | Found Qoxzol's Magic Scroll Shoppe.
  7619 | D:7      | Noticed Joseph
  7662 | D:7      | Killed Joseph
  7663 | D:7      | Reached XP level 9. HP: 17/72 MP: 0/22
  8146 | D:7      | Found a staircase to the Ecumenical Temple.
  8169 | Temple   | Entered the Ecumenical Temple
  8179 | Temple   | Became a worshipper of Hepliaklqana the Forgotten
  8522 | D:7      | Reached skill level 5 in Earth Magic
  8645 | D:7      | Reached skill level 10 in Spellcasting
  8748 | D:7      | Identified the +5 falchion of the Reaper {vorpal, Int-5
                  | Dex+4}
  9200 | D:8      | Noticed a death yak
  9200 | D:8      | Noticed a death yak
  9204 | D:8      | Noticed a death yak
  9235 | D:8      | Noticed hikkokomori's ghost (novice GrEE)
  9349 | D:8      | Found a runed translucent gate.
  9349 | D:8      | Found a runed translucent gate.
  9349 | D:8      | Found a runed translucent gate.
  9409 | D:7      | Slain by a death yak

Illustrated notes

Levels and vault maps discovered:
D:1:      mrwooster_arrival_arrow, layout_basic, minmay_misc_feat_diagonals
D:2:      layout_loops_cross, serial_shops, shop, basic_altar,
          chequers_serial_rivers_room_b, moated_statue
D:3:      layout_basic, kennysheep_donut, uniq_jessica
D:4:      cheibrodos_old_hovel, layout_basic
D:5:      lemuel_ice_spiral_2, layout_basic, nicolae_overflow_hidden_temple,
          hex_intersection, corner_web_ring, nrook_campfire,
          hellmonk_bongcloud_opening
D:6:      layout_gridville, serial_shops, nicolae_diamond_shop, uniq_duvessa
D:7:      layout_loops_ring, minmay_temple_entry_trees, uniq_joseph
D:8:      minmay_thinvault, layout_rooms, dpeg_lair_monsters,
          gammafunk_ghost_icy
Temple:   nicolae_temple_no_exploring_needed

Skill      XL: |  1  2  3  4  5  6  7  8  9 |
---------------+----------------------------+-----
Spellcasting   | 3 4 5 6 7 9 10 | 10.0
Fighting       | 1 2 3 4 5 7 |  7.9
Earth Magic    | 2 4 5 |  5.1
Dodging        | |  1.5
Stealth        | |  1.5
Necromancy     | |  4.0

Action                   |  1- 3 |  4- 6 |  7- 9 || total
-------------------------+-------+-------+-------++-------
Melee: Unarmed           |     2 |       |       ||     2
       Dagger            |     1 |    53 |    50 ||   104
       Punch             |       |     2 |     1 ||     3
 Cast: Necrotise         |    80 |   107 |   125 ||   312
       Vampiric Draining |       |       |    44 ||    44
       Animate Dead      |       |       |     3 ||     3
       Stone Arrow       |       |       |    24 ||    24
  Use: Scroll            |       |       |     7 ||     7
Armor: Robe              |    12 |    19 |    12 ||    43
       Ring mail         |       |       |     9 ||     9
Dodge: Dodged            |    15 |    62 |   106 ||   183

Table legend: (Time is in decaauts)
 A = Elapsed time spent in this place.
 B = Non-inter-level travel time spent in this place.
 C = Inter-level travel time spent in this place.
 D = Time resting spent in this place.
 E = Time spent auto-exploring this place.
 F = Levels seen in this place.
 G = Mean time per level.
                   A        B        C        D        E       F      G
               +--------+--------+--------+--------+--------+-----+--------+
         Total |   9427 |   8679 |    748 |    881 |   6462 |   9 | 1047.4 |
       Dungeon |   9408 |   8667 |    741 |    881 |   6460 |   8 | 1176.0 |
        Temple |     18 |     11 |      7 |      0 |      2 |   1 |   18.0 |
               +--------+--------+--------+--------+--------+-----+--------+

Top non-repeatable levels by time:
     D:6: 1866 daAuts
     D:4: 1635 daAuts
     D:1: 1267 daAuts
     D:7: 1244 daAuts
     D:3: 1206 daAuts
     D:2: 1010 daAuts
     D:5: 1005 daAuts
     D:8: 174 daAuts
  Temple: 18 daAuts
